 Dungeon Crawl Stone Soup version 0.31.0-11-ge490571c62 (webtiles) character file.

Game seed: 18118785454330587286

140 Gadfly the Insei (level 5, 32/41 HPs)
             Began as a Demonspawn Monk on Feb 1, 2024.
             Quit the game on level 4 of the Dungeon.
             The game lasted 00:03:25 (2155 turns).

Gadfly the Insei (Demonspawn Monk)                  Turns: 2155, Time: 00:03:26

Health: 32/41      AC:  7    Str: 13    XL:     5   Next: 2%
Magic:  7/7        EV: 12    Int: 13    God:
Gold:   39         SH:  0    Dex: 15    Spells: 4/4 levels left

rFire   + . .        b - +0 dagger (elec)
rCold   . . .        c - orb {light}
rNeg    . . .        l - +2 leather armour {rF+}
rPois   .            (no helmet)
rElec   .            g - +0 cloak
rCorr   .            (no gloves)
SInv    .            d - +0 pair of boots
Will    .....        (no amulet)
Stlth   +            (no ring)
HPRegen 0.26/turn    (no ring)
MPRegen 0.10/turn

%: no passive effects
@: glowing
A: big brain 1, demonic magic 1, weakness stinger 2
a: no special abilities


You were on level 4 of the Dungeon.
You visited 1 branch of the dungeon, and saw 4 of its levels.

You collected 39 gold pieces.

Inventory:

Hand Weapons
 b - a +0 dagger of electrocution (weapon)
Armour
 a - a +0 robe
 c - an orb of light (worn)
 d - a +0 pair of boots (worn)
 g - a +0 cloak (worn)
 l - a +2 leather armour of fire resistance (worn)
Jewellery
 f - a ring of ice
 n - a ring of fire
Wands
 k - a wand of mindburst (14) (quivered)
Scrolls
 e - a scroll of vulnerability {unknown}
Potions
 h - a potion of curing
 i - a potion of heal wounds


   Skills:
 - Level 3.0 Fighting
 + Level 3.0 Dodging
 * Level 3.3 Unarmed Combat
 * Level 2.8 Invocations
 * Level 2.0 Evocations
 * Level 1.6 Shapeshifting


You had 4 spell levels left.
You didn't know any spells.
Your spell library contained the following spells:

 Spells                   Type           Power      Damage    Failure   Level
 Hailstorm                Conj/Ice       0%         3d5       75%         3
 Summon Ice Beast         Ice/Summ       0%         N/A       75%         3
 Sculpt Simulacrum        Ice/Alch       0%         N/A       100%        6


Dungeon Overview and Level Annotations

Branches:
Dungeon (3/15)

Altars:
Cheibriados
Okawaru

Shops:
D:3 =[(


Innate Abilities, Weirdness & Mutations

You have an unusually large brain. (Int +2)
Spells you cast may paralyse adjacent enemies.
You have a tail ending in a sharp stinger.


Message History

You have reached level 4!
You feel clever.
Your demonic ancestry asserts itself...
A menacing aura infuses your magic.
You swing at nothing.
The gnoll hits you with a +0 flail! The jelly hits you but does no damage.
You hit the jelly but do no damage.
Your branches burn!
The jelly is almost dead.
The gnoll hits you but does no damage. The jelly hits you but does no damage.
You hit the jelly.
You kill the jelly!
You feel less invigorated.
You feel less confused. The gnoll hits you but does no damage.
Your Dodging skill increases to level 3!
Your Evocations skill increases to level 2!
You hit the gnoll but do no damage. The gnoll hits you but does no damage.
You hit the gnoll but do no damage.
You are no longer corroded.
The gnoll completely misses you.
You hit the gnoll.
The gnoll is moderately wounded.
The gnoll hits you but does no damage.
You hit the gnoll but do no damage. Lightning courses through the gnoll!
The gnoll is almost dead.
The gnoll barely misses you.
You hit the gnoll.
You kill the gnoll!
You have reached level 5!
Your demonic ancestry asserts itself...
Your brain expands.
You start resting.
Magic restored.
You start resting.
Your transformation is almost over.
You feel less wooden.
Your +0 cloak unmelds from your body.
Your +0 pair of boots unmelds from your body.
Your +2 leather armour of fire resistance unmelds from your body.
You feel resistant to fire.
Are you sure you want to abandon this character and quit the game? (Confirm with "yes".)

#.## #.# #.#
########
##.####......#
#...........##
####
#.......#####
###..##
##....####
##.....## #...###
##.......####@###
#.........##))#
.##...)......#.##
...............#
..............##
#.............#
#..............#
............##.#
............# ...


There were no monsters in sight!

Vanquished Creatures
  A hound (D:4)
  A jelly (D:4)
  2 gnolls (D:4)
  2 dart slugs
  An orc (D:4)
  3 endoplasms (D:1)
  3 giant cockroaches
  4 goblins
  4 hobgoblins
  6 jackals
  4 ball pythons
  7 bats
  3 frilled lizards
  6 kobolds
  5 rats
52 creatures vanquished.

Notes
Turn   | Place    | Note
-------+----------+-------------------------------------------
     0 | D:1      | Gadfly the Demonspawn Monk began the quest for the Orb.
     0 | D:1      | Reached XP level 1. HP: 18/18 MP: 1/1
   200 | D:1      | Gained mutation: You have a small tail. [demonic ancestry]
   200 | D:1      | Reached XP level 2. HP: 24/24 MP: 2/2
   245 | D:1      | Reached skill level 1 in Invocations
   647 | D:1      | Reached skill level 1 in Evocations
   779 | D:2      | Found a faded altar of an unknown god.
   797 | D:2      | Gained mutation: You have a tail ending in a sharp stinger.
                  | [demonic ancestry]
   797 | D:2      | Reached XP level 3. HP: 29/29 MP: 4/4
   831 | D:2      | Reached skill level 1 in Shapeshifting
  1748 | D:3      | Found an iron altar of Okawaru.
  1797 | D:3      | Found Ziziann's Armour Shop.
  1802 | D:3      | Noticed a +0 demon blade
  1807 | D:3      | Found Wajexoavul's Weapon Boutique.
  1809 | D:3      | Noticed a +0 bardiche
  1849 | D:3      | Found Hicean's Jewellery Shop.
  2015 | D:3      | Found a snail-covered altar of Cheibriados.
  2057 | D:3      | You fall into a shaft and drop 1 floor!
  2107 | D:4      | HP: 1/29 [hound (4)]
  2122 | D:4      | Gained mutation: Spells you cast may paralyse adjacent
                  | enemies. [demonic ancestry]
  2122 | D:4      | Reached XP level 4. HP: 29/35 MP: 5/5
  2130 | D:4      | Gained mutation: You have an unusually large brain. (Int
                  | +2) [demonic ancestry]
  2130 | D:4      | Reached XP level 5. HP: 41/41 MP: 5/7
  2155 | D:4      | Quit the game

Illustrated notes

Levels and vault maps discovered:
D:1:      spicycebolla_green_bress_n_ham_2, layout_loops_cross, nrook_uturn,
          minmay_misc_feat_plants
D:2:      layout_loops_corners, shapermc_ecumenical_altar_mp_ritualfount
D:3:      layout_basic, mainiacjoe_overflow_surrounded_room,
          okawaru_ov_weapons_minmay, nicolae_overflow_crystal_walls,
          mainiacjoe_overflow_alcove_2, general_overflow_altar, serial_shops,
          nicolae_shop_mannequins, nicolae_shop_window_shopping,
          nicolae_diamond_shop, nicolae_shop_tiny_statue_garden,
          hangedman_decor_points
D:4:      layout_cave_pods

Skill      XL: |  1  2  3  4 |
---------------+-------------+-----
Invocations    | 1 2 |  2.8
Unarmed Combat | 3 |  3.3
Evocations     | 1 2 |  2.0
Shapeshifting  | 1 |  1.6
Dodging        | 3 |  3.0
Fighting       | |  3.0

Action                     |  1- 3 |  4- 6 || total
---------------------------+-------+-------++-------
  Melee: Unarmed           |    88 |       ||    88
         Tailslap          |    19 |       ||    19
         Dagger            |    40 |     7 ||    47
    Use: Scroll            |     6 |       ||     6
         Potion            |     4 |       ||     4
 Armour: Robe              |    63 |       ||    63
         Skin              |    18 |     7 ||    25
         Leather armour    |     9 |       ||     9
  Dodge: Dodged            |    95 |     2 ||    97
